 Dungeon Crawl Stone Soup version 0.21-a0-128-gf2b353c (webtiles) character file.

1549 Kythnos the Unseen (level 8, -4/54 HPs)
             Began as a Spriggan Enchanter on July 17, 2017.
             Slain by a wight
             ... wielding a cursed +0 short sword
              (11 damage)
             ... on level 6 of the Dungeon.
             The game lasted 00:23:48 (8216 turns).

Kythnos the Unseen (Spriggan Enchanter)             Turns: 8216, Time: 00:23:48

Health: -4/54      AC:  5    Str: 10    XL:     8   Next: 57%
Magic:  10/15      EV: 18    Int: 18    God:
Gold:   191        SH:  0    Dex: 16    Spells: 7/16 levels left

rFire    . . .     SeeInvis +   e - +4 short sword (venom)
rCold    . . .     Gourm    .   (shield restricted)
rNeg     . . .     Faith    .   b - +1 robe
rPois    .         Spirit   .   (helmet restricted)
rElec    .         Reflect  .   g - +1 cloak
rCorr    .         Harm     .   (gloves unavailable)
MR       +....                  (boots unavailable)
Stlth    ..........             (no amulet)
HPRegen  0.18/turn              (no ring)
MPRegen  0.14/turn              (no ring)

@: berserking, very slightly contaminated, drained, very quick
A: unfitting armour, see invisible, herbivore 3, speed 3, slow metabolism 2
a: no special abilities


You were on level 6 of the Dungeon.
You were not hungry.

You visited 1 branch of the dungeon, and saw 6 of its levels.

You collected 191 gold pieces.

Inventory:

Hand Weapons
 a - a +1 dagger
 e - a +4 short sword of venom (weapon)
Armour
 b - a +1 robe (worn)
 g - a +1 cloak (worn)
Wands
 j - a wand of disintegration (10/24)
 k - a wand of scattershot (6/9)
Scrolls
 i - 4 scrolls of teleportation
 o - 2 scrolls of remove curse
Potions
 f - a potion of lignification
 h - a potion of agility
 l - 2 potions of might
 n - a potion of cancellation {unknown}
 p - a potion of curing
Books
 c - a book of Maledictions

   Spells                             Type                      Level
   a - Corona                         Hexes                        1
   b - Ensorcelled Hibernation        Hexes/Ice                    2
   c - Confuse                        Hexes                        3
   d - Tukima's Dance                 Hexes                        3
   e - Dazzling Spray                 Conjuration/Hexes            3
Comestibles
 d - 3 bread rations


   Skills:
 - Level 1.1(0.9) Short Blades
 - Level 3.0(2.8) Dodging
 + Level 15.0(14.7) Stealth
 - Level 4.6(4.4) Spellcasting
 - Level 5.0(4.7) Hexes


You had 7 spell levels left.
You knew the following spells:

 Your Spells              Type           Power        Failure   Level  Hunger
a - Ensorcelled Hibernat  Hex/Ice        ##....       8%          2    ##.....
b - Corona                Hex            ###....      1%          1    None
c - Confuse               Hex            ###.....     6%          3    ###....
d - Tukima's Dance        Hex            ###.....     6%          3    ###....


Dungeon Overview and Level Annotations

Branches:
Dungeon (6/15)
 Temple: D:4-7

Altars:
Cheibriados
Fedhas
Kikubaaqudgha
Makhleb
Qazlal
Trog
Zin

Annotations:
D:6 afd's ghost, novice OpCj


Innate Abilities, Weirdness & Mutations

You are very small and have problems with some larger weapons.
You are too small for most types of armour.
You have supernaturally acute eyesight. (SInv)
You are a herbivore.
You cover ground extremely quickly.
You need consume almost no food.


Message History

* * * LOW HITPOINT WARNING * * *
You feel drained.
* * * LOW HITPOINT WARNING * * *
The wight misses you.
You hit the hound.
The hound is moderately wounded.
The hound closely misses you. The wight completely misses you.
You barely miss the hound.
The hound is moderately wounded.
The hound misses you. The wight completely misses you. The hound bites you.
* * * LOW HITPOINT WARNING * * *
The wight misses you.
You hit the hound.
The hound is poisoned.
The hound is severely wounded.
The hound completely misses you. The wight barely misses you.
You puncture the hound!
You kill the hound!
Your base Stealth skill increases to level 15!
The wight hits you with a short sword!
You die...

#)..###.# #.# #####
#.# #.# #.# #####.#
#.#### #.....#
.....# #.#####
#.##.# #.# #.##.#
#.#
#.##z#######.#######
#.##z@†.............
#########.#######
#.# ########.# #.#
.......... #.#
##....<..# #.#
##.####### #.# ...#
..# ####


You could see 2 wights.

Vanquished Creatures
  Sigmund (D:4)
  Duvessa (D:5)
  A sky beast (D:5)
  An ice beast (D:5)
  A phantom (D:3)
  A centaur (D:6)
  Blork the orc (D:4)
  Dowan (D:5)
  A wight (D:6)
  A crimson imp (D:5)
  A jelly (D:5)
  3 orc priests
  Crazy Yiuf (D:4)
  A hound (D:6)
  2 orc wizards
  Ijyb (D:3)
  9 worker ants
  Natasha (twice) (D:3 D:6)
  An iguana (D:5)
  7 adders
  2 shadow imps (D:5)
  An ooze (D:2)
  A worm (D:2)
  2 dart slugs
  6 leopard geckos
  9 orcs
  6 giant cockroaches
  12 goblins
  7 hobgoblins
  13 jackals
  2 quokkas (D:3)
  A ball python skeleton (D:4)
  7 bats
  9 frilled lizards
  A giant cockroach zombie (D:6)
  A jackal skeleton (D:4)
  6 kobolds
  11 rats
135 creatures vanquished.

Vanquished Creatures (others)
  4 toadstools (D:1)
4 creatures vanquished.

Grand Total: 139 creatures vanquished

Notes
Turn   | Place    | Note
-------+----------+-------------------------------------------
     0 | D:1      | Kythnos the Spriggan Enchanter began the quest for the Orb.
     0 | D:1      | Reached XP level 1. HP: 9/9 MP: 5/5
   503 | D:1      | Reached XP level 2. HP: 10/13 MP: 7/7
   507 | D:1      | Learned a level 2 spell: Ensorcelled Hibernation
  1245 | D:1      | Reached XP level 3. HP: 16/16 MP: 9/9
  1250 | D:1      | Learned a level 3 spell: Confuse
  1254 | D:1      | Learned a level 3 spell: Tukima's Dance
  1979 | D:2      | Reached XP level 4. HP: 21/21 MP: 7/11
  2543 | D:2      | Reached skill level 5 in Hexes
  2560 | D:3      | Noticed Natasha
  2562 | D:3      | Killed Natasha
  2562 | D:3      | Reached skill level 5 in Stealth
  2680 | D:3      | Reached XP level 5. HP: 20/24 MP: 3/12
  3070 | D:3      | Reached skill level 6 in Stealth
  3183 | D:3      | Found a faded altar of an unknown god.
  3205 | D:3      | Found a bloodstained altar of Trog.
  3205 | D:3      | Noticed a phantom
  3771 | D:3      | Killed a phantom
  3771 | D:3      | Reached skill level 7 in Stealth
  4201 | D:3      | Noticed Ijyb
  4208 | D:3      | Killed Ijyb
  4208 | D:3      | Reached skill level 8 in Stealth
  4208 | D:3      | Reached XP level 6. HP: 28/28 MP: 13/13
  4678 | D:4      | Noticed Blork the orc
  4686 | D:4      | Killed Blork the orc
  4686 | D:4      | Reached skill level 9 in Stealth
  4731 | D:4      | Noticed Sigmund
  4739 | D:4      | Killed Sigmund
  4739 | D:4      | Reached skill level 10 in Stealth
  4739 | D:4      | Reached XP level 7. HP: 32/32 MP: 14/14
  5330 | D:4      | Reached skill level 11 in Stealth
  5383 | D:4      | Found a stormy altar of Qazlal.
  5384 | D:4      | Found an ancient bone altar of Kikubaaqudgha.
  5449 | D:4      | Found a runed door.
  5453 | D:4      | Noticed Crazy Yiuf
  5459 | D:4      | Killed Crazy Yiuf
  6216 | D:5      | Entered Level 5 of the Dungeon
  6716 | D:5      | Reached skill level 12 in Stealth
  6985 | D:5      | Reached skill level 13 in Stealth
  6985 | D:5      | Reached XP level 8. HP: 32/36 MP: 12/15
  7111 | D:5      | Found a burning altar of Makhleb.
  7163 | D:5      | Noticed Duvessa
  7163 | D:5      | Noticed Dowan
  7237 | D:5      | Killed Dowan
  7276 | D:5      | Killed Duvessa
  7400 | D:5      | Reached skill level 14 in Stealth
  7437 | D:5      | Found a glowing silver altar of Zin.
  7711 | D:6      | Found a snail-covered altar of Cheibriados.
  7754 | D:6      | Found a blossoming altar of Fedhas.
  7851 | D:6      | Noticed Natasha
  7862 | D:6      | Killed Natasha
  7889 | D:6      | Noticed afd's ghost (novice OpCj)
  8216 | D:6      | Reached skill level 15 in Stealth
  8216 | D:6      | Slain by a wight

Vault maps used:
D:1:      ldierk_water_garden
D:2:      first_bread
D:3:      chequers_ecumenical_altar_simple, trog_butcher_becter, uniq_natasha,
          uniq_ijyb
D:4:      nicolae_overflow_hidden_temple, uniq_crazy_yiuf_cottage, uniq_sigmund,
          uniq_blork_the_orc
D:5:      zin_treasury, kennysheep_mini_moat, serial_bayou, serial_bayou_pond_e,
          serial_bayou_pond_a, serial_bayou_pond_b, serial_bayou_crossing,
          uniq_duvessa
D:6:      basic_altar, nicolae_ossuary_entry_ruins, kennysheep_slug_shrine,
          uniq_eustachio

Skill      XL: |  1  2  3  4  5  6  7  8 |
---------------+-------------------------+-----
Hexes          | 4 5 |  5.0
Spellcasting   | 3 4 |  4.6
Stealth        | 5 8 10 13 15 | 15.0
Short Blades   | |  1.1
Dodging        | |  3.0

Action                   |  1- 3 |  4- 6 |  7- 9 || total
-------------------------+-------+-------+-------++-------
Melee: Dagger            |    27 |       |       ||    27
       Short sword       |   103 |   137 |   119 ||   359
 Cast: Corona            |     5 |       |       ||     5
       Ensorcelled Hiber |     2 |     1 |     4 ||     7
       Confuse           |     1 |    20 |    19 ||    40
Evoke: Wand              |       |       |     1 ||     1
  Use: Scroll            |     2 |     6 |     5 ||    13
       Potion            |       |     1 |     1 ||     2
 Stab: Sleeping          |     6 |    15 |    13 ||    34
       Confused          |       |     5 |     6 ||    11
       Distracted        |       |     1 |     1 ||     2
  Eat: Bread ration      |       |     1 |       ||     1
       Royal jelly       |       |     1 |       ||     1
Armor: Robe              |     8 |     8 |     6 ||    22
Dodge: Dodged            |    99 |    77 |    77 ||   253
